 Dungeon Crawl Stone Soup version 0.23.0 (webtiles) character file.

Game seed: 10246231132825254132

77 dvd the Firebug (level 4, -1/24 HPs)
             Began as a Deep Elf Fire Elementalist on Feb 9, 2019.
             Killed from afar by Natasha (9 damage)
             ... with a magic dart
             ... on level 2 of the Dungeon.
             The game lasted 00:03:36 (1872 turns).

dvd the Firebug (Deep Elf Fire Elementalist)        Turns: 1872, Time: 00:03:36

Health: -1/24      AC:  3    Str:  5    XL:     4   Next: 14%
Magic:  9/12       EV: 13    Int: 21    God:
Gold:   46         SH:  0    Dex: 17    Spells: 4/11 levels left

rFire    . . .     SeeInvis +   f - +4 spear
rCold    . . .     Gourm    .   (no shield)
rNeg     . . .     Faith    .   a - +0 robe
rPois    .         Spirit   .   (no helmet)
rElec    .         Reflect  .   (no cloak)
rCorr    .         Harm     .   n - +0 pair of gloves
MR       .....                  (no boots)
Stlth    ++........             (no amulet)
HPRegen  0.08/turn              j - +2 ring of dexterity
MPRegen  0.13/turn              b - ring of see invisible

@: no status effects
A: no striking features
a: no special abilities


You were on level 2 of the Dungeon.
You were not hungry.

You visited 1 branch of the dungeon, and saw 2 of its levels.

You collected 46 gold pieces.

Inventory:

Hand Weapons
 d - a +0 dagger
 f - a +4 spear (weapon)
 h - a +0 whip of draining
Armour
 a - a +0 robe (worn)
 n - a +0 pair of gloves (worn)
Jewellery
 b - a ring of see invisible (right hand)
 j - a +2 ring of dexterity (left hand)
Wands
 l - a wand of random effects (16)
Scrolls
 g - 3 scrolls of identify {unknown}
 i - 2 scrolls of remove curse {unknown}
 k - a scroll of fear {unknown}
Potions
 e - 2 potions of lignification {unknown}
 m - a potion of curing {unknown}
 o - a potion of brilliance {unknown}
Comestibles
 c - 3 rations


   Skills:
 + Level 0.1 Fighting
 + Level 0.1 Polearms
 + Level 2.7 Dodging
 + Level 2.5 Stealth
 + Level 4.2 Spellcasting
 + Level 1.5 Conjurations
 + Level 4.5 Fire Magic


You had 4 spell levels left.
You knew the following spells:

 Your Spells              Type           Power        Failure   Level  Hunger
a - Flame Tongue          Conj/Fire      ###..        3%          1    None
b - Throw Flame           Conj/Fire      ###...       4%          2    #......
c - Sticky Flame          Conj/Fire      ###.....     32%         4    ####...

Your spell library contained the following spells:

 Spells                   Type           Power        Failure   Level  Hunger
 Conjure Flame            Conj/Fire      ###.....     10%         3    ###....
 Inner Flame              Hex/Fire       ##......     14%         3    ###....
 Fireball                 Conj/Fire      ###.......   67%         5    ######.


Dungeon Overview and Level Annotations

Branches:
Dungeon (2/15)

Altars:
Hepliaklqana
Makhleb
Yredelemnul

Annotations:
D:2 Natasha


Message History

The magic dart hits you.
Casting: Flame Tongue (safe; 3% risk of failure)
Confirm with . or Enter, or press ? or * to list all spells.
Aiming: Flame Tongue (safe; 3% risk of failure)
Press: ? - help, Shift-Dir - straight line, f/p - Natasha
Aim: Natasha The flame tongue hits Natasha.
Natasha is lightly wounded.
Natasha casts a spell at you. The magic dart hits you!
Casting: Flame Tongue (safe; 3% risk of failure)
Confirm with . or Enter, or press ? or * to list all spells.
Aiming: Flame Tongue (safe; 3% risk of failure)
Press: ? - help, Shift-Dir - straight line, f/p - Natasha
Aim: Natasha (lightly wounded)
The flame tongue hits Natasha.
Natasha is heavily wounded.
Natasha casts a spell at you. The magic dart hits you!
You die...

#.# #.. ##'## #.#
##...## #.# ##.....##
#.# ##.....<.## ##.##
##.........####...##
.+.........'.......#.##.
##.........####.........
##....(..## ##@###.##
##...>.## #.h......#
##...## #.##.#.#.# ##'##
#. ... .# ######.# #.
.## .......# #. ..
######.### #. ## #.....#
#. ###.....#


You could see Natasha.

Vanquished Creatures
  3 adders (D:2)
  2 oozes (D:1)
  A dart slug (D:1)
  A giant cockroach (D:1)
  4 hobgoblins
  2 jackals (D:1)
  7 kobolds
  A ball python (D:2)
  5 bats
  3 frilled lizards
  6 goblins
  3 rats
38 creatures vanquished.

Notes
Turn   | Place    | Note
-------+----------+-------------------------------------------
     0 | D:1      | dvd the Deep Elf Fire Elementalist began the quest for the
                  | Orb.
     0 | D:1      | Reached XP level 1. HP: 10/10 MP: 6/6
    92 | D:1      | Reached XP level 2. HP: 8/15 MP: 0/8
   466 | D:1      | Learned a level 2 spell: Throw Flame
   629 | D:1      | Reached XP level 3. HP: 19/19 MP: 6/10
  1398 | D:2      | Found a burning altar of Makhleb.
  1398 | D:2      | Found a hazy altar of Hepliaklqana.
  1398 | D:2      | Found a basalt altar of Yredelemnul.
  1765 | D:2      | Reached XP level 4. HP: 24/24 MP: 9/12
  1781 | D:2      | Learned a level 4 spell: Sticky Flame
  1865 | D:2      | Noticed Natasha
  1872 | D:2      | Killed from afar by Natasha

Skill      XL: |  1  2  3 |
---------------+----------+-----
Spellcasting   | 4 |  4.2
Fire Magic     | 4 |  4.5
Fighting       | |  0.1
Polearms       | |  0.1
Dodging        | |  2.7
Stealth        | |  2.5
Conjurations   | |  1.5

Action                   |  1- 3 |  4- 6 || total
-------------------------+-------+-------++-------
Melee: Spear             |     5 |       ||     5
 Cast: Flame Tongue      |    48 |     7 ||    55
       Throw Flame       |    10 |     2 ||    12
 Stab: Sleeping          |     1 |       ||     1
  Eat: Chunk             |     2 |     1 ||     3
Armor: Robe              |       |     1 ||     1
Dodge: Dodged            |     8 |     1 ||     9
